 Dungeon Crawl Stone Soup version 0.27.0-1-g7a089689b8 (webtiles) character file.

Game seed: 1856595949112113771

10847 Anothat the Blocker (level 11, -1/89 HPs)
             Began as a Gnoll Fighter on Aug 1, 2021.
             Was a Believer of Makhleb.
             Drowned by a water elemental (9 damage)
             ... on level 10 of the Dungeon.
             The game lasted 00:24:09 (13214 turns).

Anothat the Blocker (Gnoll Fighter)                Turns: 13214, Time: 00:24:10

Health: -1/89      AC: 21    Str: 16    XL:     11   Next: 68%
Magic:  20/20      EV:  6    Int:  7    God:    Makhleb [**....]
Gold:   1213       SH: 11    Dex: 12    Spells: 23/23 levels left

rFire    . . .     SeeInvis .   s - +7 broad axe "Jyetool" {elec, rN++ Will+ Str-3}
rCold    . . .     Faith    .   c - +0 kite shield
rNeg     + + .     Spirit   .   q - +0 plate armour
rPois    .         Reflect  .   (no helmet)
rElec    .         Harm     .   z - +1 cloak
rCorr    .         Rampage  +   e - +0 pair of gloves
Will     +....                  B - +2 pair of boots {rampage}
Stlth    ..........             (no amulet)
HPRegen  0.24/turn              (no ring)
MPRegen  0.17/turn              (no ring)

@: mighty, engulfed (cannot breathe)
A: fangs 1, strong nose, distributed training
a: Renounce Religion, Minor Destruction


You were on level 10 of the Dungeon.
You worshipped Makhleb.
Makhleb was pleased with you.
You visited 1 branch of the dungeon, and saw 10 of its levels.
You also visited: Ossuary.

You collected 1391 gold pieces.
You spent 178 gold pieces at shops.

Inventory:

Hand Weapons
 a - a +1 war axe
 s - the +7 broad axe "Jyetool" (weapon) {elec, rN++ Will+ Str-3}
   (You acquired it on level 4 of the Dungeon)

   It occasionally discharges a powerful burst of electricity upon striking a
   foe.
   Str:       It affects your strength (-3).
   rN:        It greatly protects you from negative energy.
   Will:      It increases your willpower.
 D - the +6 long sword of Sunlight {speed, rN+++ Str-3 Int+5}
   (You bought it in a shop on level 8 of the Dungeon)

   Attacks with this weapon are significantly faster.
   Str:       It affects your strength (-3).
   Int:       It affects your intelligence (+5).
   rN:        It renders you almost immune to negative energy.
 J - a +3 broad axe of freezing
Missiles
 j - 9 boomerangs (quivered)
 m - 4 javelins
 y - a throwing net
Armour
 c - a +0 kite shield (worn)
 e - a +0 pair of gloves (worn)
 q - a +0 plate armour (worn)
 z - a +1 cloak (worn)
 B - a +2 pair of boots of rampaging (worn)
Jewellery
 u - an amulet of reflection
 F - an amulet of regeneration
Wands
 w - a wand of mindburst (12)
 C - a wand of acid (1)
Scrolls
 k - 5 scrolls of teleportation
 o - 2 scrolls of enchant weapon
 r - 5 scrolls of enchant armour
 A - 3 scrolls of blinking {unknown}
 E - 3 scrolls of immolation {unknown}
 G - 3 scrolls of holy word
 H - a scroll of amnesia
 I - a scroll of noise {unknown}
Potions
 b - a potion of magic
 d - a potion of might
 f - 2 potions of lignification
 g - a potion of resistance {unknown}
 h - 4 potions of mutation
 i - 2 potions of flight
 l - a potion of brilliance
 n - 2 potions of berserk rage {unknown}
 t - 4 potions of curing
 v - a potion of ambrosia
 x - 2 potions of cancellation {unknown}


   Skills:
 + Level 9.3 Fighting
 + Level 6.5 Short Blades
 + Level 6.5 Long Blades
 + Level 8.0 Axes
 + Level 6.5 Maces & Flails
 + Level 6.5 Polearms
 + Level 6.5 Staves
 + Level 6.5 Slings
 + Level 6.5 Bows
 + Level 6.5 Crossbows
 + Level 6.5 Throwing
 + Level 9.3 Armour
 + Level 6.5 Dodging
 + Level 6.5 Stealth
 + Level 9.3 Shields
 + Level 6.5 Unarmed Combat
 + Level 6.5 Spellcasting
 + Level 5.4 Conjurations
 + Level 5.4 Hexes
 + Level 5.4 Summonings
 + Level 5.4 Necromancy
 + Level 5.4 Translocations
 + Level 5.4 Transmutations
 + Level 5.4 Fire Magic
 + Level 5.4 Ice Magic
 + Level 5.4 Air Magic
 + Level 5.4 Earth Magic
 + Level 5.4 Poison Magic
 + Level 7.1 Invocations
 + Level 6.5 Evocations


You had 23 spell levels left.
You didn't know any spells.
Your spell library contained the following spells:

 Spells                   Type           Power      Damage    Failure   Level
 Slow                     Hex            9%         N/A       95%         2
 Confusing Touch          Hex            9%         N/A       99%         3
 Vampiric Draining        Necr           4%         2d6       99%         3
 Summon Forest            Summ/Tloc      4%         N/A       100%        5
 Eringya's Noxious Bog    Tmut/Pois      4%         N/A       100%        6
 Summon Hydra             Summ           4%         N/A       100%        7


Dungeon Overview and Level Annotations

Branches:
Dungeon (10/15)            Temple (0/1) D:7         Ossuary (visited)
   Lair: D:8-11         Orc: D:9-12

Altars:
Ashenzari
Cheibriados
Dithmenos
Elyvilon
Fedhas
Gozag
Makhleb
Nemelex Xobeh
Qazlal
Sif Muna
Uskayaw
Vehumet
Wu Jian

Shops:
D:8 *

Annotations:
D:3 1 runed translucent door, Crazy Yiuf
D:10 4 runed translucent doors, antigravityiii's ghost, journeyman DrCj


Innate Abilities, Weirdness & Mutations

You have very sharp teeth.
Your uncanny sense of smell can sniff out nearby items.
Your experience applies equally to all skills.


Message History

You slash the water elemental!
You destroy the water elemental!
Makhleb accepts your kill.
You feel better.
You gasp with relief as air once again reaches your lungs.
Your plate armour prevents you from hitting the water elemental.
You bite the water elemental.
The water elemental is lightly damaged.
You block the water elemental's attack. x2
You slice the water elemental!!
The water elemental is heavily damaged.
The water elemental hits you!
* * * LOW HITPOINT WARNING * * *
You slice the water elemental!!
The water elemental is almost destroyed.
The water elemental hits you.
You barely miss the water elemental. You bite the water elemental.
You destroy the water elemental!
Makhleb accepts your kill.
You feel better.
The water elemental completely misses you.
You barely miss the water elemental. The water elemental barely misses you.
You slice the water elemental!!
The water elemental is heavily damaged.
The water elemental hits you.
The water elemental engulfs you in water!
You slash the water elemental!
The water elemental is almost destroyed.
* * * LOW HITPOINT WARNING * * *
Your lungs strain for air!
The water elemental closely misses you.
The water elemental completely misses you.
Your plate armour prevents you from hitting the water elemental.
The water elemental is almost destroyed.
* * * LOW HITPOINT WARNING * * *
Your lungs strain for air!
You block the water elemental's attack.
Your plate armour prevents you from hitting the water elemental.
The water elemental is almost destroyed.
You die...

#≈≈≈≈...##......#.....#..
≈≈≈≈≈≈...####...#.....#..
≈≈≈≈≈...........#..#..#..
≈≈≈≈≈≈........###.....#'#
≈≈≈≈≈.....EE......)......
≈≈≈≈.≈...####............
#≈≈≈≈≈..###....##........
###≈≈.#####....##.......<
#####.@E...............
###################


You could see a water elemental.

Vanquished Creatures
  A boulder beetle (D:6)
  A death knight (D:10)
  A centaur warrior (D:10)
  A tengu warrior (D:10)
  An orc knight (D:10)
  2 deep elf pyromancers (D:10)
  2 ugly things (D:10)
  A cyclops (D:10)
  A komodo dragon (D:10)
  A troll (shapeshifter) (D:10)
  A troll (D:10)
  Eustachio (D:4)
  3 water elementals (D:10)
  A basilisk (D:10)
  Menkaure (Ossuary)
  2 acid dragons
  3 water moccasins
  3 orc warriors
  4 ogres
  An ice beast (D:7)
  A centaur (D:10)
  4 phantoms
  2 bullfrogs
  2 scorpions (D:5)
  A gnoll sergeant (D:7)
  A wyvern zombie (D:6)
  A water moccasin zombie (D:6)
  A water moccasin skeleton (D:7)
  10 killer bees (D:10)
  2 electric eels (D:8)
  12 wights
  3 howler monkeys
  A jelly (D:7)
  A lava snake (D:8)
  2 hounds (D:6)
  A bullfrog skeleton (D:5)
  2 gnoll shamans (D:5)
  5 orc priests
  3 centaur skeletons
  Terence (D:3)
  2 iguanas
  9 orc wizards
  4 mummies
  A howler monkey skeleton (D:6)
  9 gnolls
  6 adders
  A shadow imp (D:8)
  A white imp (D:6)
  2 ufetubi
  An adder skeleton (D:4)
  2 worms
  3 dart slugs
  43 orcs
  5 endoplasms
  A giant cockroach (D:4)
  4 gnoll zombies (Ossuary)
  4 goblins
  8 hobgoblins
  6 jackals
  3 quokkas
  5 ball pythons
  7 bats
  A frilled lizard (D:2)
  2 gnoll skeletons (Ossuary)
  4 goblin skeletons (Ossuary)
  4 goblin zombies (Ossuary)
  4 hobgoblin skeletons (Ossuary)
  3 hobgoblin zombies (Ossuary)
  5 kobolds
  5 kobold skeletons (Ossuary)
  9 kobold zombies (Ossuary)
  3 orc skeletons (Ossuary)
  3 orc zombies (Ossuary)
  4 rats
  7 rat skeletons (Ossuary)
  2 rat zombies (Ossuary)
271 creatures vanquished.

Notes
Turn   | Place    | Note
-------+----------+-------------------------------------------
     0 | D:1      | Anothat the Gnoll Fighter began the quest for the Orb.
     0 | D:1      | Reached XP level 1. HP: 23/23 MP: 1/1
   255 | D:1      | Reached XP level 2. HP: 23/29 MP: 2/2
   886 | D:1      | Reached XP level 3. HP: 32/35 MP: 3/3
  1218 | D:2      | Reached skill level 1 in Short Blades
  1218 | D:2      | Reached skill level 1 in Long Blades
  1218 | D:2      | Reached skill level 1 in Maces & Flails
  1218 | D:2      | Reached skill level 1 in Polearms
  1218 | D:2      | Reached skill level 1 in Staves
  1218 | D:2      | Reached skill level 1 in Slings
  1218 | D:2      | Reached skill level 1 in Bows
  1218 | D:2      | Reached skill level 1 in Crossbows
  1218 | D:2      | Reached skill level 1 in Throwing
  1218 | D:2      | Reached skill level 1 in Dodging
  1218 | D:2      | Reached skill level 1 in Stealth
  1218 | D:2      | Reached skill level 1 in Unarmed Combat
  1218 | D:2      | Reached skill level 1 in Spellcasting
  1218 | D:2      | Reached skill level 1 in Invocations
  1218 | D:2      | Reached skill level 1 in Evocations
  1218 | D:2      | Reached XP level 4. HP: 30/41 MP: 5/5
  1570 | D:2      | Reached skill level 1 in Conjurations
  1570 | D:2      | Reached skill level 1 in Hexes
  1570 | D:2      | Reached skill level 1 in Summonings
  1570 | D:2      | Reached skill level 1 in Necromancy
  1570 | D:2      | Reached skill level 1 in Translocations
  1570 | D:2      | Reached skill level 1 in Transmutations
  1570 | D:2      | Reached skill level 1 in Fire Magic
  1570 | D:2      | Reached skill level 1 in Ice Magic
  1570 | D:2      | Reached skill level 1 in Air Magic
  1570 | D:2      | Reached skill level 1 in Earth Magic
  1570 | D:2      | Reached skill level 1 in Poison Magic
  1841 | D:2      | Found a faded altar of an unknown god.
  2159 | D:3      | Reached XP level 5. HP: 18/47 MP: 5/7
  2864 | D:3      | Found a runed translucent door.
  2865 | D:3      | Noticed Crazy Yiuf
  2891 | D:3      | Noticed Terence
  2899 | D:3      | Killed Terence
  3129 | D:4      | Noticed an ogre
  3145 | D:4      | Reached XP level 6. HP: 47/48 MP: 8/8
  3148 | D:4      | Reached skill level 5 in Axes
  3348 | D:4      | Found a sand-covered staircase.
  3447 | Ossuary  | Entered an ossuary
  3737 | Ossuary  | Noticed Menkaure
  3753 | Ossuary  | Killed Menkaure
  3754 | Ossuary  | Reached XP level 7. HP: 13/60 MP: 10/10
  4329 | D:4      | Noticed Eustachio
  4351 | D:4      | Killed Eustachio
  5132 | D:4      | Reached XP level 8. HP: 40/67 MP: 12/12
  5720 | D:4      | Identified a scroll of acquirement
  5720 | D:4      | Acquired the +7 broad axe "Jyetool" {elec, rN++ Will+
                  | Str-3}
  5878 | D:5      | Entered Level 5 of the Dungeon
  5878 | D:5      | Found a blossoming altar of Fedhas.
  5967 | D:5      | Found a white marble altar of Elyvilon.
  6532 | D:5      | Found a shadowy altar of Dithmenos.
  6580 | D:5      | Found a burning altar of Makhleb.
  6583 | D:5      | Became a worshipper of Makhleb the Destroyer
  6836 | D:5      | Found a shimmering blue altar of Sif Muna.
  7105 | D:6      | Noticed a boulder beetle
  7120 | D:6      | Reached XP level 9. HP: 36/72 MP: 14/14
  7122 | D:6      | Killed a boulder beetle
  8107 | D:6      | Found a broken altar of Ashenzari.
  8234 | D:7      | Reached skill level 5 in Invocations
  8387 | D:7      | Reached * piety under Makhleb
  8553 | D:7      | Found a staircase to the Ecumenical Temple.
  8620 | D:7      | Reached XP level 10. HP: 80/80 MP: 17/17
  9032 | D:7      | Acquired a +2 pair of boots of rampaging
  9039 | D:7      | Acquired 900 gold pieces
  9171 | D:8      | Found Tiawaal's Assorted Antiques.
  9175 | D:8      | Bought a bloodstained long sword for 178 gold pieces
  9175 | D:8      | Identified the +6 long sword of Sunlight {speed, rN+++
                  | Str-3 Int+5} (You bought it in a shop on level 8 of the
                  | Dungeon)
 10053 | D:8      | Reached skill level 5 in Short Blades
 10053 | D:8      | Reached skill level 5 in Long Blades
 10053 | D:8      | Reached skill level 5 in Maces & Flails
 10053 | D:8      | Reached skill level 5 in Polearms
 10053 | D:8      | Reached skill level 5 in Staves
 10053 | D:8      | Reached skill level 5 in Slings
 10053 | D:8      | Reached skill level 5 in Bows
 10053 | D:8      | Reached skill level 5 in Crossbows
 10053 | D:8      | Reached skill level 5 in Throwing
 10053 | D:8      | Reached skill level 5 in Dodging
 10053 | D:8      | Reached skill level 5 in Stealth
 10053 | D:8      | Reached skill level 5 in Unarmed Combat
 10053 | D:8      | Reached skill level 5 in Spellcasting
 10053 | D:8      | Reached skill level 5 in Evocations
 10802 | D:9      | Found an ornate altar of the Wu Jian Council.
 11333 | D:9      | Reached ** piety under Makhleb
 11490 | D:9      | Found a sparkling altar of Nemelex Xobeh.
 11499 | D:9      | Found a radiant altar of Vehumet.
 11520 | D:10     | Entered Level 10 of the Dungeon
 11597 | D:10     | Noticed a tengu warrior
 11597 | D:10     | Noticed a deep elf pyromancer
 11609 | D:10     | Killed a deep elf pyromancer
 11617 | D:10     | Killed a tengu warrior
 11697 | D:10     | Found a runed translucent door.
 11718 | D:10     | Noticed a cyclops
 11718 | D:10     | Noticed a brown ugly thing
 11718 | D:10     | Noticed a deep elf pyromancer
 11748 | D:10     | Killed a deep elf pyromancer
 11786 | D:10     | Found a hide-covered altar of Uskayaw.
 11787 | D:10     | Found an opulent altar of Gozag.
 11787 | D:10     | Found a stormy altar of Qazlal.
 11849 | D:10     | Reached XP level 11. HP: 84/87 MP: 19/19
 11914 | D:10     | Found a snail-covered altar of Cheibriados.
 11958 | D:10     | Noticed a death knight
 11982 | D:10     | Killed a death knight
 11983 | D:10     | Reached skill level 5 in Conjurations
 11983 | D:10     | Reached skill level 5 in Hexes
 11983 | D:10     | Reached skill level 5 in Summonings
 11983 | D:10     | Reached skill level 5 in Necromancy
 11983 | D:10     | Reached skill level 5 in Translocations
 11983 | D:10     | Reached skill level 5 in Transmutations
 11983 | D:10     | Reached skill level 5 in Fire Magic
 11983 | D:10     | Reached skill level 5 in Ice Magic
 11983 | D:10     | Reached skill level 5 in Air Magic
 11983 | D:10     | Reached skill level 5 in Earth Magic
 11983 | D:10     | Reached skill level 5 in Poison Magic
 12177 | D:10     | Found a runed translucent gate.
 12177 | D:10     | Found a runed translucent gate.
 12198 | D:10     | Found a runed translucent gate.
 12206 | D:10     | Killed a cyclops
 12217 | D:10     | Noticed antigravityiii's ghost (journeyman DrCj)
 12343 | D:10     | Noticed an orc knight
 12351 | D:10     | Killed an orc knight
 12416 | D:10     | Identified the +7 shortbow of Xiziefi {flame, rC- Str+2
                  | Dex+4 SInv}
 12416 | D:10     | Noticed a centaur warrior
 12424 | D:10     | Killed a centaur warrior
 12680 | D:10     | Noticed a centaur warrior
 12898 | D:10     | Noticed a cyan ugly thing
 12904 | D:10     | Killed a purple ugly thing
 12918 | D:10     | Noticed a manticore
 12952 | D:10     | Killed a brown ugly thing
 13214 | D:10     | Drowned by a water elemental

Illustrated notes

Levels and vault maps discovered:
D:1:      saegor_arrival_simple_d, layout_loops_corners,
          minmay_misc_feat_hallway
D:2:      layout_loops_ring, ebering_ecumenical_altar_webs,
          chequers_decorated_corner
D:3:      layout_basic, kennysheep_generic_room_6, uniq_crazy_yiuf_cottage,
          uniq_terence
D:4:      layout_layer_cave, gup_ossuary_entry_pyramid, uniq_eustachio
D:5:      layout_basic, kennysheep_mini_moat, mainiacjoe_overflow_paths,
          grunt_dithmenos_shadows, nicolae_elyvilon_temple_path, led_sif_pool
D:6:      layout_loops_ring, mainiacjoe_overflow_alcove_1
D:7:      layout_basic, minmay_temple_entry_tees
D:8:      layout_basic, serial_shops, kennysheep_little_box, nrook_campfire,
          nicolae_lava_and_water, minivault_4
D:9:      layout_long_grid, mainiacjoe_overflow_catwalk,
          mainiacjoe_overflow_swirl
D:10:     minmay_the_grid_triangle_9x9_rhombus_thin
          [minmay_the_grid_triangle_9x9_subtriangle,
          minmay_the_grid_triangle_9x9_prize_insulated,
          minmay_the_grid_triangle_9x9_corruption,
          minmay_the_grid_triangle_9x9_checkered], layout_stronghold,
          old_standard_altar, chequers_temple_overflow_statue_of_worship,
          gammafunk_ghost_nasty_kobolds, nicolae_underground_beach

Skill      XL: |  1  2  3  4  5  6  7  8  9 10 11 |
---------------+----------------------------------+-----
Short Blades   | 1 2 3 4 5 6 |  6.5
Long Blades    | 1 2 3 4 5 6 |  6.5
Maces & Flails | 1 2 3 4 5 6 |  6.5
Polearms       | 1 2 3 4 5 6 |  6.5
Staves         | 1 2 3 4 5 6 |  6.5
Slings         | 1 2 3 4 5 6 |  6.5
Bows           | 1 2 3 4 5 6 |  6.5
Crossbows      | 1 2 3 4 5 6 |  6.5
Throwing       | 1 2 3 4 5 6 |  6.5
Dodging        | 1 2 3 4 5 6 |  6.5
Stealth        | 1 2 3 4 5 6 |  6.5
Unarmed Combat | 1 2 3 4 5 6 |  6.5
Spellcasting   | 1 2 3 4 5 6 |  6.5
Invocations    | 1 2 3 4 5 6 7 |  7.1
Evocations     | 1 2 3 4 5 6 |  6.5
Conjurations   | 1 2 3 4 5 |  5.4
Hexes          | 1 2 3 4 5 |  5.4
Summonings     | 1 2 3 4 5 |  5.4
Necromancy     | 1 2 3 4 5 |  5.4
Translocations | 1 2 3 4 5 |  5.4
Transmutations | 1 2 3 4 5 |  5.4
Fire Magic     | 1 2 3 4 5 |  5.4
Ice Magic      | 1 2 3 4 5 |  5.4
Air Magic      | 1 2 3 4 5 |  5.4
Earth Magic    | 1 2 3 4 5 |  5.4
Poison Magic   | 1 2 3 4 5 |  5.4
Axes           | 5 6 7 8 |  8.0
Fighting       | 7 8 9 |  9.3
Armour         | 7 8 9 |  9.3
Shields        | 7 8 9 |  9.3

Action                   |  1- 3 |  4- 6 |  7- 9 | 10-12 || total
-------------------------+-------+-------+-------+-------++-------
Melee: War axe           |    87 |   238 |    63 |       ||   388
       Bite              |     6 |    19 |    31 |    11 ||    67
       Broad axe         |       |       |   201 |   187 ||   388
Throw: Boomerang         |       |       |    27 |       ||    27
Evoke: Wand              |       |       |     3 |    14 ||    17
  Use: Potion            |       |     1 |     3 |     7 ||    11
       Scroll            |       |       |    14 |     5 ||    19
Armor: Scale mail        |    42 |    32 |       |       ||    74
       Plate armour      |       |    62 |   171 |   111 ||   344
       Chain mail        |       |    19 |       |       ||    19
Dodge: Dodged            |    34 |    34 |    34 |    50 ||   152
Block: Kite shield       |    59 |   105 |   144 |   120 ||   428
